[Event "Betsys MČR v online bleskovém šachu 2021"]
[Site "Chess.com"]
[Date "2021.04.17"]
[Round "6"]
[White "Jeff_CZE"]
[Black "Qb1xh8"]
[Result "0-1"]
[WhiteElo "1850"]
[BlackElo "2144"]
[TimeControl "180+1"]
[EndTime "9:56:54 PDT"]
[Termination "Uživatel Qb1xh8 zvítězil na čas"]

1. d4 Nf6 2. c4 c5 3. d5 b5 4. cxb5 a6 5. bxa6 Bxa6 6. Nf3 d6 7. Nc3 g6 8. e4 Bxf1 9. Kxf1 Bg7 10. g3 O-O 11. h3 Nbd7 12. Kg2 Qa5 13. Qc2 Rfb8 14. Rd1 Nb6 15. Nd2 c4 16. Nf3 Nfd7 17. Be3 Nc5 18.
Nd4 Bxd4 19. Bxd4 Nd3 20. b3 Ne5 21. Bxe5 dxe5 22. bxc4 Nxc4 23. Rab1 Na3 24. Rxb8+ Rxb8 25. Qc1 Rc8 26. Rd3 Nb5 27. Qb2 Nxc3 28. h4 h5 29. Qb7 Qc7 30. Qb4 Qc5 31. Qb7 Nxe4 32. Rf3 Qc7 33.
Qb4 Nd6 0-1

[Event "Betsys MČR v online bleskovém šachu 2021"]
[Site "Chess.com"]
[Date "2021.04.17"]
[Round "6"]
[White "FrantisekP"]
[Black "PetrSoucek"]
[Result "0-1"]
[WhiteElo "1624"]
[BlackElo "2007"]
[TimeControl "180+1"]
[EndTime "9:56:55 PDT"]
[Termination "Uživatel PetrSoucek zvítězil po vzdání soupeře"]

1. d4 d5 2. Bf4 c5 3. e3 Nc6 4. c3 Nf6 5. Bd3 Qb6 6. Qb3 c4 7.
Qxb6 axb6 8. Bc2 b5 9. h3 b4 10.
b3 cxb3 11. Bxb3 Bf5 12. Ne2 e6 13. O-O Kd7 14. Nd2 bxc3 15. Nxc3 Bb4 16. Rfc1 Ba3 17. Rd1 Bb2 18. Rac1 Bxc1 19. Rxc1 Rhc8 20. Nb5 Ne8 21.
g4 Bd3 22. Nc3 f6 23. h4 Nd6 24. Bxd6 Kxd6 25. Nd1 Nxd4 26. Rxc8 Ne2+ 27. Kg2 Rxc8 28.
Nb2 Bg6 29. h5 Bc2 30. Kf3 Bxb3 31. Nxb3 Nc3 32. a4 e5 33. Na5 b6 34. Nb3 Ra8 35.
g5 Nxa4 36. Nxa4 Rxa4 37. Nd2 Ra2 38. gxf6 gxf6 39. Nb3 Kc6 40. Nc1 Rc2 41. Nd3 e4+ 0-1

[Event "Betsys MČR v online bleskovém šachu 2021"]
[Site "Chess.com"]
[Date "2021.04.17"]
[Round "6"]
[White "maelic"]
[Black "androidddd"]
[Result "1-0"]
[WhiteElo "1781"]
[BlackElo "1422"]
[TimeControl "180+1"]
[EndTime "9:56:56 PDT"]
[Termination "Uživatel maelic zvítězil po vzdání soupeře"]

1. d4 Nf6 2. Bf4 c5 3. e3 Nc6 4. c3 cxd4 5. exd4 d5 6. Bd3 g6 7. Nf3 Bg7 8. Nbd2 b6 9. h3 Bb7 10. O-O O-O 11. Re1 e6 12. Ne5 Nxe5 13. Bxe5 Nd7 14.
Bxg7 Kxg7 15. f4 Nf6 16. Nf3 Qc7 17. Ne5 Nd7 18. Qf3 Nxe5 19. fxe5 Qe7 20. Rf1 f5 21. exf6+ Qxf6 22. Qxf6+ Rxf6 23. Rxf6 Kxf6 24. Rf1+ Ke7 25. g4 Rf8 26. Rxf8 Kxf8 27. Kf2 Kf7 28. g5 Bc8 29. h4 Bd7 30. Ke3 Ke7 31. Kf4 Be8 32. Ke5 Bd7 33. Ba6 b5 34. b3 Bc6 35. Bc8 Bd7 36. Bxd7 Kxd7 37. Kf6 Kd6 38. b4 a6 39. a3 Kd7 40.
Kg7 e5 41. dxe5 Ke6 42. Kxh7 Kxe5 43. Kxg6 Ke4 44. h5 Kd3 45. h6 Kxc3 46. h7 d4 47. h8=Q Kc4 48. Qh5 d3 49. Qd1 Kc3 50. Kf6 d2 51. g6 Kd3 52. g7 1-0

[Event "Betsys MČR v online bleskovém šachu 2021"]
[Site "Chess.com"]
[Date "2021.04.17"]
[Round "6"]
[White "Ehlundi"]
[Black "Dale00007"]
[Result "1/2-1/2"]
[WhiteElo "1757"]
[BlackElo "1408"]
[TimeControl "180+1"]
[EndTime "9:56:59 PDT"]
[Termination "Remíza opakováním pozice"]

1. e4 c5 2. Nf3 d6 3. d4 cxd4 4. Nxd4 Nf6 5. Bd3 e6 6. O-O Be7 7. Be3 O-O 8. f4 Qc7 9. Nc3 a6 10. Nf3 Nc6 11. h3 b5 12. a3 Bb7 13.
Qe2 Rac8 14. Rac1 Rfe8 15. Bf2 h6 16. Bg3 Nh5 17. Bh2 Bf6 18. e5 dxe5 19. Nxe5 Nxe5 20. fxe5 Bg5 21. Qxh5 Bxc1 22. Rxc1 Qc6 23. Qg4 h5 24. Qe4 Qc5+ 25. Kh1 Bxe4 26. Nxe4 Qd4 27. b3 b4 28. a4 a5 29. Bg1 Qb2 30. Be3 Red8 31. Nd6 Rc6 32. Bc4 Rcxd6 33. exd6 Rxd6 34. Bd3 Kf8 35. Kh2 Ke7 36. Rd1 Rxd3 37. Rxd3 Qxc2 38. Rd2 Qxb3 39.
Bc5+ Kf6 40. Bd4+ Ke7 41. Bc5+ Kf6 42. Bd4+ Ke7 43. Bc5+ 1/2-1/2

[Event "Betsys MČR v online bleskovém šachu 2021"]
[Site "Chess.com"]
[Date "2021.04.17"]
[Round "6"]
[White "Svisthorsky"]
[Black "Asmodai5"]
[Result "1-0"]
[WhiteElo "1461"]
[BlackElo "1075"]
[TimeControl "180+1"]
[EndTime "9:56:59 PDT"]
[Termination "Uživatel Svisthorsky zvítězil na čas"]

1. d4 d5 2. c4 e6 3. Nc3 Nf6 4. Bf4 Bd6 5. Bxd6 cxd6 6. Nf3 O-O 7. e3 dxc4 8. Bxc4 d5 9. Bd3 Nc6 10. Rc1 Bd7 11. e4 dxe4 12. Nxe4 Ne7 13. Nxf6+ gxf6 14. O-O Ng6 15. Re1 Bc6 16. Be4 Bxe4 17. Rxe4 Qd5 18. Rg4 Qxa2 19. h4 Qd5 20. Rc5 Qd6 21. h5 b6 22. Rc1 Rad8 23. hxg6 fxg6 24. Nh4 Qd5 25. Rc7 Rd7 26. Rxd7 Qxd7 27. Qd3 Qd5 28. Nxg6 Rd8 29. Ne7+ Kf7 30. Nxd5 Rxd5 31. Qxh7+ 1-0

[Event "Betsys MČR v online bleskovém šachu 2021"]
[Site "Chess.com"]
[Date "2021.04.17"]
[Round "6"]
[White "Lunaticx"]
[Black "Trickov"]
[Result "1-0"]
[WhiteElo "2992"]
[BlackElo "2394"]
[TimeControl "180+1"]
[EndTime "9:57:00 PDT"]
[Termination "Uživatel Lunaticx zvítězil na čas"]

1. e4 c5 2. Nf3 d6 3. Bb5+ Bd7 4. a4 a6 5. Bxd7+ Nxd7 6. a5 Ngf6 7. Nc3 g6 8. O-O Bg7 9. d3 O-O 10. h3 Rc8 11. Re1 e6 12. Bf4 Qc7 13. Nd2 Ne5 14. Bxe5 dxe5 15. Nc4 Nd7 16. Qe2 Nb8 17. Na4 Qe7 18.
Nab6 Rcd8 19. Qe3 Nc6 20. c3 h5 21. Na4 Kh7 22. Red1 Rc8 23. Qxc5 Qd8 24. Qb6 Qe7 25. Qe3 Bh6 26. Qe2 Rfd8 27. Nab6 Rc7 28. b4 Nb8 29.
Na4 Nc6 30. Nc5 Rcc8 31. Na4 Na7 32. Ncb6 Rc7 33. Rab1 Nb5 34. Rb3 Qe8 35. Nc5 Qe7 36.
Nc4 Na7 37. Nxe5 Bg7 38. Nf3 Nc6 39. d4 Na7 40. e5 Nb5 41. h4 Bh6 42. g3 Rcc8 43. Qe4 Rc7 44. Rd3 Na7 45. Qe1 Nc6 46. Ne4 1-0

[Event "Betsys MČR v online bleskovém šachu 2021"]
[Site "Chess.com"]
[Date "2021.04.17"]
[Round "6"]
[White "Maldaj"]
[Black "Zavurka1975"]
[Result "1-0"]
[WhiteElo "2414"]
[BlackElo "2211"]
[TimeControl "180+1"]
[EndTime "9:57:01 PDT"]
[Termination "Uživatel Maldaj zvítězil po vzdání soupeře"]

1. e4 b6 2. d4 Bb7 3. Nc3 e6 4. Bd3 Nf6 5. a3 d5 6. e5 Nfd7 7. Nce2 c5 8. c3 Ba6 9. Bxa6 Nxa6 10. f4 Be7 11. Nf3 O-O 12. O-O g6 13. Qe1 Nab8 14.
Qg3 Nc6 15. h4 h5 16. f5 exf5 17. e6 Nf6 18. exf7+ Kg7 19. Ng5 Qd7 20. Nf4 Ng4 21.
Nfe6+ Kh8 22. Nxf8 Rxf8 23. Bf4 Bxg5 24. hxg5 Qxf7 25.
Rae1 cxd4 26. cxd4 Nxd4 27. Be5+ Nxe5 28. Qxe5+ Qg7 29.
Qxg7+ Kxg7 30. Re7+ Rf7 31. Rxf7+ Kxf7 32. Rd1 Ne6 33.
Rxd5 Ke7 34. a4 Nxg5 35. a5 Ne4 36. axb6 axb6 37. Rb5 f4 38. Rxb6 g5 39. b4 g4 40.
b5 f3 41. gxf3 gxf3 42. Rh6 f2+ 43. Kf1 Kf7 44. b6 Kg7 45. Re6 Nc5 46. Re5 Nb7 47.
Re7+ Kf6 48. Rxb7 1-0

[Event "Betsys MČR v online bleskovém šachu 2021"]
[Site "Chess.com"]
[Date "2021.04.17"]
[Round "6"]
[White "Honza_13"]
[Black "Clockwork7orange"]
[Result "0-1"]
[WhiteElo "1951"]
[BlackElo "2320"]
[TimeControl "180+1"]
[EndTime "9:57:01 PDT"]
[Termination "Uživatel Clockwork7orange zvítězil na čas"]

1. Nf3 c5 2. g3 Nc6 3. d4 d6 4.
Bg2 cxd4 5. Nxd4 Bd7 6. O-O g6 7. b3 Bg7 8. Bb2 Nf6 9. c4 O-O 10. Nc3 a6 11. e4 Nxd4 12. Qxd4 Bc6 13. Qe3 b5 14. cxb5 axb5 15. Rfd1 b4 16. Ne2 Ng4 17.
Qd2 Bxb2 18. Qxb2 Qb6 19. Nd4 Bb7 20. h3 Nf6 21. Qe2 Ra5 22. Kh2 Rc8 23. f4 Nd7 24.
Nf3 e5 25. Ng5 Nf6 26. Rac1 Rxc1 27. Rxc1 h6 28. Nf3 Bxe4 29. fxe5 dxe5 30. Nd2 Bxg2 31. Qxg2 Rxa2 32. Rc8+ Kg7 33. Kh1 Qe3 0-1

[Event "Betsys MČR v online bleskovém šachu 2021"]
[Site "Chess.com"]
[Date "2021.04.17"]
[Round "6"]
[White "MrNikdo"]
[Black "Michaela1994"]
[Result "1-0"]
[WhiteElo "2039"]
[BlackElo "1628"]
[TimeControl "180+1"]
[EndTime "9:57:02 PDT"]
[Termination "Uživatel MrNikdo zvítězil po vzdání soupeře"]

1. e4 e6 2. d4 d5 3. Nc3 Bb4 4.
e5 c5 5. a3 cxd4 6. axb4 dxc3 7. Qg4 Ne7 8. Qxg7 Rg8 9. Qxh7 Qc7 10. Ne2 Qxe5 11. bxc3 Nbc6 12. Bf4 Qf6 13. Qd3 Nxb4 14.
Qb5+ Nec6 15. Qa4 Na6 16. Be3 Nc7 17. g3 Qf3 18. Rg1 Bd7 19. Bg2 Qh5 20. Qf4 Nb5 21. h4 Qh8 22. Kd2 Rc8 23. Rgb1 a6 24. c4 dxc4 25.
c3 Qh7 26. Be4 Qg7 27. h5 Rd8 28. h6 Bc8+ 29. Kc2 Qh8 30. Rxb5 axb5 31. Qc7 Qe5 32.
Bxc6+ 1-0

[Event "Betsys MČR v online bleskovém šachu 2021"]
[Site "Chess.com"]
[Date "2021.04.17"]
[Round "6"]
[White "Bancroft"]
[Black "SanyH"]
[Result "1-0"]
[WhiteElo "1928"]
[BlackElo "1602"]
[TimeControl "180+1"]
[EndTime "9:57:02 PDT"]
[Termination "Uživatel Bancroft zvítězil matem"]

1. Nf3 Nf6 2. g3 g6 3. Bg2 Bg7 4. O-O O-O 5. d4 d5 6. c4 c6 7. Nbd2 e6 8. Re1 Nbd7 9. e4 c5 10. cxd5 exd5 11. e5 Ne8 12. e6 fxe6 13. Rxe6 cxd4 14.
Nb3 Ndf6 15. Re1 Ne4 16. Nbxd4 Qb6 17. Nb3 Qxf2+ 18. Kh1 Qb6 19. Qxd5+ Kh8 20. Qxe4 Bf5 21. Qe3 Qc7 22. Qc5 Qd7 23. Bf4 Nf6 24. Rad1 Qa4 25.
Qa5 Qc6 26. Ne5 Qc2 27. Rd2 Qc8 28. Red1 Ne4 29. Rd8 Rxd8 30. Rxd8+ Qxd8 31. Nf7+ Kg8 32. Nxd8 Nf2+ 33. Kg1 Nd3 34. Qd5+ Kh8 35. Nf7+ Kg8 36. Nh6+ Kh8 37. Qg8+ Rxg8 38. Nf7# 1-0

[Event "Betsys MČR v online bleskovém šachu 2021"]
[Site "Chess.com"]
[Date "2021.04.17"]
[Round "6"]
[White "CrisBenton4"]
[Black "SayQueen"]
[Result "0-1"]
[WhiteElo "1453"]
[BlackElo "1996"]
[TimeControl "180+1"]
[EndTime "9:57:03 PDT"]
[Termination "Uživatel SayQueen zvítězil na čas"]

1. Nf3 Nf6 2. g3 d6 3. Bg2 e5 4. d3 h6 5. O-O Nc6 6. c4 Bg4 7. Nc3 Qd7 8. Bd2 Bh3 9. a3 Bxg2 10. Kxg2 a5 11. Nd5 Nxd5 12. cxd5 Ne7 13. e4 g6 14. Rc1 Bg7 15. Qc2 c6 16. dxc6 bxc6 17. Qb3 O-O 18.
Rfd1 Rfb8 19. Qc2 Qe6 20. Be3 f5 21. exf5 gxf5 22. Bd2 Qd5 23. b4 axb4 24. axb4 Ra2 25. Qc4 e4 26. Qxd5+ cxd5 27. dxe4 fxe4 28. Ne1 d4 29.
Nc2 Nd5 30. b5 Rxb5 31. Ne1 e3 32. fxe3 dxe3 33. Rc8+ Kh7 0-1

[Event "Betsys MČR v online bleskovém šachu 2021"]
[Site "Chess.com"]
[Date "2021.04.17"]
[Round "6"]
[White "Eliska0107"]
[Black "Kamilotka"]
[Result "1-0"]
[WhiteElo "1994"]
[BlackElo "1624"]
[TimeControl "180+1"]
[EndTime "9:57:03 PDT"]
[Termination "Uživatel Eliska0107 zvítězil matem"]

1. e4 e5 2. Nf3 Nc6 3. Bb5 d6 4. O-O Nf6 5. Re1 Bd7 6. c3 Be7 7. d4 exd4 8. cxd4 O-O 9. Nc3 Bg4 10. h3 Bh5 11. Bxc6 bxc6 12. Bf4 h6 13. Bg3 Nh7 14. Qd3 Ng5 15. Nh2 Ne6 16. Rac1 c5 17. d5 Nd4 18. f3 Bg5 19. Rcd1 Bg6 20. Bf2 Bf6 21. Ng4 Be5 22. Rc1 f5 23. Nxe5 dxe5 24. Ne2 fxe4 25. fxe4 Nxe2+ 26. Rxe2 Qd6 27. Bxc5 Qf6 28. Bxf8 Rxf8 29. Rxc7 Qf4 30.
Rc6 Bh7 31. d6 Qf1+ 32. Kh2 Qf4+ 33. Qg3 Qf1 34. Re3 Qd1 35. Rc7 Rf1 36. Qxg7# 1-0

[Event "Betsys MČR v online bleskovém šachu 2021"]
[Site "Chess.com"]
[Date "2021.04.17"]
[Round "6"]
[White "KatkaZ"]
[Black "indebol"]
[Result "1-0"]
[WhiteElo "1861"]
[BlackElo "1544"]
[TimeControl "180+1"]
[EndTime "9:57:03 PDT"]
[Termination "Uživatel KatkaZ zvítězil matem"]

1. Nf3 Nf6 2. g3 g6 3. Bg2 Bg7 4. d3 c6 5. Nbd2 d5 6. e4 dxe4 7. dxe4 O-O 8. O-O Bg4 9. h3 Bd7 10. c3 Na6 11. Qc2 Nc7 12. b4 a5 13. a3 axb4 14. cxb4 Nxe4 15. Nxe4 Bxa1 16. Bb2 Bxb2 17. Qxb2 Nd5 18. Rd1 Qc8 19. Kh2 Bf5 20. Nc5 b6 21.
Nb3 Qa6 22. Ra1 Ra7 23. Nbd4 Bd3 24. Nxc6 Rc7 25. Nce5 Be4 26. Re1 f5 27. Bf1 Qa4 28.
Ng5 Rc2 29. Qd4 Qc6 30. Nxc6 Nxb4 31. Nxb4 Rc5 32. Bc4+ Bd5 33. Nxd5 e6 34. Ne7# 1-0

[Event "Betsys MČR v online bleskovém šachu 2021"]
[Site "Chess.com"]
[Date "2021.04.17"]
[Round "6"]
[White "karimaster100"]
[Black "Diamantidis_13"]
[Result "1/2-1/2"]
[WhiteElo "2265"]
[BlackElo "2441"]
[TimeControl "180+1"]
[EndTime "9:57:04 PDT"]
[Termination "Remíza opakováním pozice"]

1. Nf3 Nf6 2. g3 b6 3. Bg2 Bb7 4. c4 e6 5. O-O Be7 6. d4 O-O 7. d5 a5 8. Nc3 Bb4 9. Nd4 Bxc3 10. bxc3 e5 11. Nf5 d6 12. e4 Bc8 13. Ne3 Nbd7 14. Ba3 Re8 15. Qd3 Ba6 16. Rae1 Nf8 17. f4 N8d7 18.
Nf5 exf4 19. gxf4 g6 20. Ng3 Re7 21. e5 Ne8 22. e6 Nc5 23. Bxc5 dxc5 24. f5 Nd6 25. fxg6 fxg6 26. Rf4 Qe8 27. Ref1 Qa4 28. Qf3 Qe8 29. Qd3 Qa4 30. Qf3 Qe8 31. Qd3 1/2-1/2

[Event "Betsys MČR v online bleskovém šachu 2021"]
[Site "Chess.com"]
[Date "2021.04.17"]
[Round "6"]
[White "AdeeJa"]
[Black "matej-c"]
[Result "0-1"]
[WhiteElo "1601"]
[BlackElo "1961"]
[TimeControl "180+1"]
[EndTime "9:57:04 PDT"]
[Termination "Uživatel matej-c zvítězil na čas"]

1. e4 c6 2. d4 d5 3. exd5 cxd5 4.
c4 Nf6 5. Nc3 g6 6. Bf4 Bg7 7. Qd2 Nc6 8. c5 Ne4 9. Nxe4 dxe4 10.
d5 Nd4 11. d6 O-O 12. dxe7 Qxe7 13. Bd6 Qh4 14. Bxf8 e3 15. Qd3 Qxf2+ 16. Kd1 Bf5 17. Nh3 Qxb2 18. Rb1 Bg4+ 19. Be2 Bxe2+ 20. Ke1 Qa3 21.
Qxa3 Nc2+ 22. Kxe2 Nxa3 23. Rb3 Bxf8 24. Rxa3 Bxc5 25. Rc3 Bb6 26. Nf4 Rd8 27. Rd1 Re8 28. Rd7 h5 29. Nd5 Ba5 30. Rd3 Kf8 31. Nf6 Rc8 32. Ne4 Bb6 33. Nd6 Rc2+ 34. Kf3 Rf2+ 0-1

[Event "Betsys MČR v online bleskovém šachu 2021"]
[Site "Chess.com"]
[Date "2021.04.17"]
[Round "6"]
[White "TheRigos"]
[Black "JakubPulpan"]
[Result "1-0"]
[WhiteElo "2576"]
[BlackElo "2709"]
[TimeControl "180+1"]
[EndTime "9:57:05 PDT"]
[Termination "Uživatel TheRigos zvítězil matem"]

1. e4 c5 2. Nf3 Nc6 3. d4 cxd4 4. Nxd4 g6 5. Nc3 Bg7 6. Be3 Nf6 7. Bc4 O-O 8. Bb3 e6 9. f4 d5 10. e5 Nd7 11.
O-O Nxd4 12. Bxd4 b6 13. Rf3 Bb7 14. Qe2 Nc5 15. Rd1 a5 16. a4 Rc8 17. Qf2 Bc6 18. g4 f5 19. g5 Qe7 20. h4 Ne4 21. Qe3 Nxc3 22. bxc3 b5 23. Bc5 Qb7 24. axb5 Bxb5 25. h5 Rxc5 26. Qxc5 Rc8 27. Qd6 Kf7 28. Rxd5 Bf8 29.
Rxb5 Qxb5 30. Qxe6+ Kg7 31. h6+ Kh8 32. Qg8# 1-0

[Event "Betsys MČR v online bleskovém šachu 2021"]
[Site "Chess.com"]
[Date "2021.04.17"]
[Round "6"]
[White "Tobish"]
[Black "jsulc"]
[Result "0-1"]
[WhiteElo "1690"]
[BlackElo "2076"]
[TimeControl "180+1"]
[EndTime "9:57:05 PDT"]
[Termination "Uživatel jsulc zvítězil po vzdání soupeře"]

1. e4 e5 2. Nf3 Nc6 3. d4 exd4 4. Nxd4 Nf6 5. Nc3 Bb4 6. Bg5 h6 7. Bxf6 Qxf6 8. Nb5 Ba5 9. Qd2 a6 10. Na3 O-O 11.
Bd3 d6 12. O-O Ne5 13. Nc4 Nxc4 14. Bxc4 Bxc3 15. bxc3 Bd7 16. Rab1 b6 17. Bd5 Rad8 18. Rfe1 Rfe8 19. Bc4 b5 20. Bd3 Bc6 21. f3 Re5 22. a4 bxa4 23. Bxa6 Rc5 24. c4 Ra8 25. Bb5 Bxb5 26. cxb5 a3 27. Ra1 Qb2 28. Rec1 Qxb5 29. Kh1 a2 30. Qd4 Qc4 31. Qb2 Rb5 0-1

[Event "Betsys MČR v online bleskovém šachu 2021"]
[Site "Chess.com"]
[Date "2021.04.17"]
[Round "6"]
[White "MBorkovec"]
[Black "Pokemonchess"]
[Result "1-0"]
[WhiteElo "2267"]
[BlackElo "1935"]
[TimeControl "180+1"]
[EndTime "9:57:06 PDT"]
[Termination "Uživatel MBorkovec zvítězil po vzdání soupeře"]

1. e4 c5 2. Nf3 Nc6 3. d4 cxd4 4.
Nxd4 g6 5. Nc3 Bg7 6. Be3 Nf6 7. Be2 O-O 8. Nb3 d6 9. O-O Bd7 10. f4 Rc8 11. Bf3 a6 12. Nd5 Nxd5 13. exd5 Nb8 14. c3 Bb5 15. Rf2 Nd7 16. Qd2 Nf6 17. Re1 Bd7 18. Bd4 Ne8 19. Rfe2 Bxd4+ 20. Nxd4 Nf6 21.
Rxe7 Qb6 22. R7e2 Qa5 23. f5 Qxa2 24. fxg6 fxg6 25. Qg5 Rc5 26. Ne6 Bxe6 27. Rxe6 Nxd5 28. Qh6 Qa4 29. Bxd5 Rxd5 30. Re7 Rf7 31. Re8+ Qxe8 32. Rxe8+ 1-0

[Event "Betsys MČR v online bleskovém šachu 2021"]
[Site "Chess.com"]
[Date "2021.04.17"]
[Round "6"]
[White "Hollow_Head"]
[Black "DavidZidlicky"]
[Result "0-1"]
[WhiteElo "1072"]
[BlackElo "1698"]
[TimeControl "180+1"]
[EndTime "9:57:07 PDT"]
[Termination "Uživatel DavidZidlicky zvítězil matem"]

1. e4 c5 2. Nf3 Nc6 3. Nc3 d6 4. g3 Nf6 5. Bg2 e5 6. O-O Bg4 7. d3 Nd4 8. Bg5 Be7 9. Bxf6 Bxf6 10. Nd5 Nxf3+ 11. Bxf3 Be6 12. Nxf6+ Qxf6 13. Qe2 O-O 14. b3 a5 15. c4 b6 16. h3 Bxh3 17. Rfe1 Qh6 18.
Bg2 Be6 19. f3 Ra7 20. Kf2 f5 21. Rh1 Qg5 22. exf5 Bxf5 23. g4 Bxg4 24. Raf1 Be6 25. Rh2 Raf7 26. Rfh1 Bf5 27. Rh5 Qg6 28. R1h4 Bxd3 29.
Qe3 e4 30. f4 h6 31. f5 Rxf5+ 32. Rxf5 Rxf5+ 33. Ke1 Qxg2 34. Rf4 Rxf4 35. Kd1 Rf1+ 36.
Qe1 Bc2+ 37. Kc1 Rxe1+ 38. Kb2 Bd3+ 39. Ka3 Qc2 40. b4 Qc3+ 41. Ka4 Bc2+ 42. Kb5 axb4 43.
Kxb6 Qa3 44. Kc6 Qa6+ 45. Kd5 Rd1+ 46. Ke6 e3 47. Kd7 Bf5+ 48. Kd8 e2 49. Kc7 Qa7+ 50. Kc6 Be4+ 51. Kb5 e1=Q 52. a4 Bc6+ 53. Kxc6 Qe4+ 54. Kb5 Qe8# 0-1

[Event "Betsys MČR v online bleskovém šachu 2021"]
[Site "Chess.com"]
[Date "2021.04.17"]
[Round "6"]
[White "tkokosek007"]
[Black "Hroch_Hippo"]
[Result "0-1"]
[WhiteElo "1380"]
[BlackElo "1091"]
[TimeControl "180+1"]
[EndTime "9:57:09 PDT"]
[Termination "Uživatel Hroch_Hippo zvítězil na čas"]

1. b3 e5 2. Bb2 Bd6 3. e4 Qf6 4. Nf3 Bc5 5. Bxe5 Qg6 6. d3 d6 7.
Bb2 Nf6 8. Nbd2 Bg4 9. Be2 Bxf3 10. Bxf3 O-O 11. O-O Nc6 12. a3 Ne5 13. b4 Bb6 14. Nc4 Nxf3+ 15. Qxf3 a6 16. e5 dxe5 17. Nxe5 Qh5 18.
Nc4 Qxf3 19. gxf3 Nh5 20. Nxb6 cxb6 21. Rae1 Rac8 22. c4 b5 23. c5 Rc6 24. Re4 b6 25. d4 bxc5 26. dxc5 Rg6+ 27. Kh1 f5 28. Re5 Nf4 29.
Rg1 Rxg1+ 30. Kxg1 Nd3 31. Re2 Nxb2 32. Rxb2 Kf7 33.
Kf1 Kf6 34. Rc2 g5 35. c6 Ke6 36. c7 Kd7 37. Ke2 g4 38. fxg4 fxg4 39. c8=Q+ Rxc8 40.
Rxc8 Kxc8 41. Ke3 Kd7 42. Kf4 Kc6 43. Kxg4 Kd5 44. h4 Kc4 45. Kg5 Kb3 46. Kh6 Kxa3 47. Kxh7 Kxb4 48. Kg7 a5 49. h5 a4 50. h6 a3 51. h7 a2 52. h8=Q a1=Q+ 53. Kg8 Qa2+ 0-1

[Event "Betsys MČR v online bleskovém šachu 2021"]
[Site "Chess.com"]
[Date "2021.04.17"]
[Round "6"]
[White "kubajss"]
[Black "keram91"]
[Result "1/2-1/2"]
[WhiteElo "869"]
[BlackElo "756"]
[TimeControl "180+1"]
[EndTime "9:57:09 PDT"]
[Termination "Remíza opakováním pozice"]

1. e4 e5 2. Nf3 f6 3. Bc4 Nh6 4. Nc3 a6 5. d3 b5 6. Bb3 b4 7. Ne2 c6 8. a3 c5 9. axb4 cxb4 10. Bd2 a5 11. c3 bxc3 12. bxc3 a4 13. Bxa4 Bb7 14. O-O Qb6 15. Qc2 Ng4 16. d4 exd4 17.
cxd4 Bd6 18. h3 Bh2+ 19. Kh1 Qd6 20. hxg4 h5 21. Nxh2 hxg4 22. g3 Rxh2+ 23. Kxh2 Qf8 24. Kg2 Qe7 25. d5 f5 26. Rh1 fxe4 27. Rh8+ Kf7 28. Rah1 e3 29. Bxe3 Bxd5+ 30. f3 gxf3+ 31. Kf2 fxe2 32.
Qf5+ Qf6 33. Qf3 e1=Q+ 34. Kxe1 Qxf3 35. Rf1 Rxa4 36. Rxf3+ Ke7 37. Rf1 Ra1+ 38. Ke2 Ra2+ 39. Ke1 Bc4 40. Rf2 Ra1+ 41. Kd2 Ra2+ 42. Ke1 Ra1+ 43. Kd2 Ra2+ 44. Ke1 1/2-1/2

[Event "Betsys MČR v online bleskovém šachu 2021"]
[Site "Chess.com"]
[Date "2021.04.17"]
[Round "6"]
[White "Bartusman"]
[Black "Loveforever_Pepi"]
[Result "0-1"]
[WhiteElo "1968"]
[BlackElo "2288"]
[TimeControl "180+1"]
[EndTime "9:57:10 PDT"]
[Termination "Uživatel Loveforever_Pepi zvítězil po vzdání soupeře"]

1. e4 c5 2. Nf3 d6 3. d4 cxd4 4. Nxd4 Nf6 5. Nc3 g6 6. f3 Bg7 7.
Be3 O-O 8. Qd2 Nc6 9. g4 Ne5 10. Be2 Be6 11. h3 Rc8 12. f4 Nc4 13. Nxe6 fxe6 14.
Bxc4 Rxc4 15. g5 Nxe4 16. Nxe4 Rxe4 17. O-O-O Qc7 18. h4 Rc8 19. Rh2 Qc4 20. Kb1 Qb5 21.
b3 Ra4 22. h5 Rxa2 23. Bd4 Raxc2 24. Qxc2 Rxc2 25. Kxc2 Qf5+ 26. Kb2 Qxf4 27. Bxg7 Qxh2+ 28. Ka3 Kxg7 0-1

[Event "Betsys MČR v online bleskovém šachu 2021"]
[Site "Chess.com"]
[Date "2021.04.17"]
[Round "6"]
[White "misacz"]
[Black "feela1"]
[Result "1/2-1/2"]
[WhiteElo "1084"]
[BlackElo "1366"]
[TimeControl "180+1"]
[EndTime "9:57:11 PDT"]
[Termination "Remíza opakováním pozice"]

1. d4 Nf6 2. c4 d5 3. Nf3 h6 4. Nc3 dxc4 5. Bf4 e6 6. e3 Bd6 7. Bxd6 Qxd6 8. Bxc4 O-O 9. Nb5 Qd7 10.
Ne5 Qe7 11. Qc2 a6 12. Qa4 Bd7 13. Qa3 Qxa3 14. Nxa3 Nc6 15. Nxd7 Nxd7 16. O-O Ne7 17. Rfd1 c6 18. e4 Rfd8 19. d5 cxd5 20. exd5 exd5 21.
Bxd5 Nxd5 22. Rxd5 Nf6 23. Rdd1 Rac8 24. h3 Ne4 25.
Rxd8+ Rxd8 26. Re1 Nf6 27. Re2 Rd7 28. Nc4 Kh7 29.
Nb6 Rc7 30. Rd2 Ne4 31. Re2 Nf6 32. Rd2 Ne4 33. Re2 Ng5 34. Nd5 Rd7 35. Nb6 Rc7 36.
Nd5 Rd7 37. Nb6 Rc7 1/2-1/2

[Event "Betsys MČR v online bleskovém šachu 2021"]
[Site "Chess.com"]
[Date "2021.04.17"]
[Round "6"]
[White "NeumanPetr"]
[Black "Trener-Pokrocili"]
[Result "1-0"]
[WhiteElo "2497"]
[BlackElo "2244"]
[TimeControl "180+1"]
[EndTime "9:57:13 PDT"]
[Termination "Uživatel NeumanPetr zvítězil po vzdání soupeře"]

1. e4 g6 2. d4 Bg7 3. c4 Nc6 4. Ne2 e5 5. d5 Nd4 6. Be3 c5 7. Nxd4 exd4 8. Bd2 d6 9. Bd3 Ne7 10. O-O O-O 11. Na3 Bd7 12. Nc2 h6 13. f4 f5 14. Qf3 fxe4 15. Bxe4 Bf5 16. Rae1 Qd7 17. Bxf5 Nxf5 18. Re6 Kh7 19. Rfe1 h5 20. b3 Rae8 21. Qe4 Rb8 22. Qd3 b5 23. Na3 bxc4 24. Nxc4 Rbd8 25.
g3 Qb7 26. Qe4 Rf7 27. Kg2 Bf8 28. h3 Ne7 29. g4 hxg4 30. hxg4 Rd7 31. Nxd6 Nxd5 32.
Nxb7 1-0

[Event "Betsys MČR v online bleskovém šachu 2021"]
[Site "Chess.com"]
[Date "2021.04.17"]
[Round "6"]
[White "FMD-MP"]
[Black "DominikS3"]
[Result "1-0"]
[WhiteElo "1754"]
[BlackElo "1329"]
[TimeControl "180+1"]
[EndTime "9:57:13 PDT"]
[Termination "Uživatel FMD-MP zvítězil na čas"]

1. c4 e5 2. Nc3 Nf6 3. g3 c6 4. Bg2 d5 5. cxd5 cxd5 6. d4 e4 7. e3 Nc6 8. Nge2 a6 9. Bd2 Bg4 10. h3 Bh5 11. g4 Bg6 12. Qb3 b5 13. Nf4 Ne7 14. a4 bxa4 15. Qxa4+ Qd7 16. Qb3 a5 17. Na4 Qc6 18. Rc1 Qd7 19. Nb6 Qb7 20. Qa4+ Nd7 21. Nxa8 Qxa8 22. Qxa5 Qxa5 23. Bxa5 Nb8 24. Bb4 Nbc6 25.
Bd6 Kd7 26. Ba3 Nc8 27. Nxd5 N6e7 28. Nxe7 Bxe7 29. Bxe7 Nxe7 30. O-O Ke6 31. Rc5 Nd5 32. Rfc1 1-0

[Event "Betsys MČR v online bleskovém šachu 2021"]
[Site "Chess.com"]
[Date "2021.04.17"]
[Round "6"]
[White "psvoboda72"]
[Black "Klokan64"]
[Result "1-0"]
[WhiteElo "1718"]
[BlackElo "1415"]
[TimeControl "180+1"]
[EndTime "9:57:16 PDT"]
[Termination "Uživatel psvoboda72 zvítězil na čas"]

1. Nf3 d6 2. d4 Nf6 3. Nc3 c6 4.
e4 Bg4 5. h3 Bh5 6. g4 Bg6 7.
Bd3 e6 8. O-O Be7 9. Bf4 d5 10. e5 Nfd7 11. Bg3 c5 12. Nb5 Nc6 13. Nd6+ Bxd6 14. exd6 cxd4 15. Bxg6 hxg6 16. Nxd4 Rxh3 17. Kg2 Rh7 18. Nb5 Rc8 19. Re1 Qb6 20. Qxd5 Kf8 21.
Qb3 a6 22. Nc7 Qxb3 23. axb3 e5 24. c4 Nd8 25. b4 f6 26. c5 Ne6 27. Nd5 Nd4 28.
Ne7 Re8 29. Nxg6+ Kf7 30. Ne7 Ne6 31. Nd5 g6 32. Rac1 Nd4 33. f4 exf4 34. Rxe8 f3+ 35. Kf2 Kxe8 36. Rc3 Nc6 37. Rxf3 1-0